 Dungeon Crawl Stone Soup version 0.29.1-1-gd02db6906a (webtiles) character file.

Game seed: 15268041432408019748

156 Linkola the Covered (level 5, -3/46 HPs)
             Began as a Minotaur Fighter on Oct 15, 2022.
             Slain by a gnoll
             ... wielding a +0 halberd
              (5 damage)
             ... on level 4 of the Dungeon.
             The game lasted 00:06:25 (3101 turns).

Linkola the Covered (Minotaur Fighter)              Turns: 3101, Time: 00:06:26

Health: -3/46      AC: 10    Str: 22    XL:     5   Next: 15%
Magic:  4/4        EV:  7    Int:  5    God:
Gold:   148        SH:  0    Dex: 10    Spells: 4/4 levels left

rFire   . . .      SeeInvis .   a - +1 flail
rCold   . . .      Faith    .   c - +0 buckler
rNeg    . . .      Spirit   .   o - +0 chain mail
rPois   .          Reflect  .   (helmet restricted)
rElec   .          Harm     .   f - +0 cloak
rCorr   .          Rampage  .   (no gloves)
Will    .....                   (no boots)
Stlth   ..........              (no amulet)
HPRegen 0.15/turn               (no ring)
MPRegen 0.09/turn               (no ring)

@: confused
A: horns 2, retaliatory headbutt
a: no special abilities


You were on level 4 of the Dungeon.
You visited 1 branch of the dungeon, and saw 4 of its levels.

You collected 148 gold pieces.

Inventory:

Hand Weapons
 a - a +1 flail (weapon)
Missiles
 e - 42 stones
 g - 5 poisoned darts (quivered)
 n - 5 boomerangs
Armour
 c - a +0 buckler (worn)
 f - a +0 cloak (worn)
 o - a +0 chain mail (worn)
Wands
 p - a wand of flame (25)
Scrolls
 i - 2 scrolls of teleportation
 m - a scroll of poison
Potions
 b - a potion of mutation {unknown}
 d - a potion of might
 h - 2 potions of curing
 j - a potion of heal wounds
 k - a potion of brilliance {unknown}
 l - a potion of invisibility {unknown}


   Skills:
 + Level 4.0 Fighting
 + Level 3.5 Maces & Flails
 * Level 2.6 Throwing
 + Level 4.7 Armour
 + Level 0.5 Dodging
 + Level 4.1 Shields


You had 4 spell levels left.
You didn't know any spells.
Your spell library contained the following spells:

 Spells                   Type           Power      Damage    Failure   Level
 Sublimation of Blood     Necr           0%         N/A       100%        2
 Petrify                  Tmut/Erth      0%         N/A       100%        4
 Irradiate                Conj/Tmut      0%         3d11      100%        5


Dungeon Overview and Level Annotations

Branches:
Dungeon (4/15)
 Temple: D:4-7

Altars:
Ru


Innate Abilities, Weirdness & Mutations

You have a pair of horns on your head.
You reflexively headbutt those who attack you in melee.


Message History

The gnoll hits you from afar with a +0 halberd.
The orc hits you but does no damage.
You sock the orc!
You kill the orc!
The gnoll hits you but does no damage.
The orc wizard points at you and mumbles some strange words.
The puff of flame hits something!
You barely miss something. The gnoll barely misses you.
Something completely misses you.
Throw: 7 darts (poison)
Press: ? - help, Q - select action, (/) - cycle Shift-Dir - straight line, f - gnoll
Aim: a gnoll, wielding a +0 halberd (63% to hit)
You throw a poisoned dart. The poisoned dart hits the gnoll.
The gnoll hits you from afar with a +0 halberd.
Something hits you but does no damage.
Throw: 6 darts (poison)
Press: ? - help, Q - select action, (/) - cycle Shift-Dir - straight line, f - gnoll, p - gnoll
Aim: a gnoll, wielding a +0 halberd (63% to hit)
You throw a poisoned dart. The gnoll hits you but does no damage.
Something hits you but does no damage.
You sock something!
Reactivating autopickup.
You feel a bit more experienced. You block the gnoll's attack.
The orc wizard casts a spell at you.
You are confused.
You bump into the rock wall.
The gnoll hits you but does no damage. The goblin hits you but does no damage.
The gnoll hits you but does no damage.
You bump into the rock wall.
The gnoll barely misses you. The goblin barely misses you.
The gnoll hits you from afar with a +0 halberd.
You miss the goblin.
The gnoll hits you from afar with a +0 halberd.
* * * LOW HITPOINT WARNING * * *
The goblin hits you but does no damage. The gnoll barely misses you.
You miss the goblin.
The gnoll hits you from afar with a +0 halberd!
* * * LOW HITPOINT WARNING * * *
The goblin closely misses you. The gnoll hits you but does no damage.
The gnoll hits you from afar with a +0 halberd.
You die...

###...............
..................
#####...............
..................#. #
###....##......... ###.
#....##......... .....
#..(.##........)
.....g###....##.........
....gog@..(..##.........
.....g######.##.........
..... #............ ....
####......... ...
#......... .. #.........
. ......... ........
########.##+#..


You could see an orc wizard, 3 gnolls and a goblin.

Vanquished Creatures
  A hound (D:3)
  An orc wizard (D:4)
  5 adders
  A worm (D:4)
  2 dart slugs
  3 orcs
  A ball python (D:3)
  4 bats
  7 endoplasms
  4 giant cockroaches
  2 goblins
  4 hobgoblins
  10 jackals
  4 kobolds
  2 quokkas
  2 frilled lizards (D:1)
  3 rats
56 creatures vanquished.

Notes
Turn   | Place    | Note
-------+----------+-------------------------------------------
     0 | D:1      | Linkola the Minotaur Fighter began the quest for the Orb.
     0 | D:1      | Reached XP level 1. HP: 19/19 MP: 0/0
   214 | D:1      | Found a faded altar of an unknown god.
   272 | D:1      | Reached XP level 2. HP: 27/27 MP: 1/1
   625 | D:1      | Reached skill level 1 in Throwing
  1057 | D:2      | Reached XP level 3. HP: 32/33 MP: 2/2
  1928 | D:2      | Reached XP level 4. HP: 39/40 MP: 3/3
  2482 | D:3      | Found a sacrificial altar of Ru.
  2915 | D:3      | Reached XP level 5. HP: 46/46 MP: 4/4
  3101 | D:4      | HP: 2/46 [gnoll/+0 halberd (7)]
  3101 | D:4      | Slain by a gnoll

Illustrated notes

Levels and vault maps discovered:
D:1:      onia_arrival_pentagram, layout_basic,
          hellmonk_ecumenical_altar_blasted
D:2:      layout_basic, minmay_curled_crystal
D:3:      layout_loops_ring, mainiacjoe_overflow_surrounded_room, st_stairs_5
D:4:      layout_basic

Skill      XL: |  1  2  3 |
---------------+----------+-----
Throwing       | 1 2 |  2.6
Armour         | 4 |  4.7
Fighting       | 4 |  4.0
Maces & Flails | 3 |  3.5
Shields        | 4 |  4.1
Dodging        | |  0.5

Action                   |  1- 3 |  4- 6 || total
-------------------------+-------+-------++-------
Melee: Flail             |    90 |    47 ||   137
       Headbutt          |     6 |     4 ||    10
Throw: Dart              |    35 |    22 ||    57
  Use: Scroll            |     7 |     1 ||     8
Armor: Scale mail        |    53 |     9 ||    62
       Chain mail        |       |    25 ||    25
Dodge: Dodged            |    43 |    22 ||    65
Block: Buckler           |    28 |    13 ||    41
